MWL (24 & UNDER)
WISCONSIN RAPIDS RANGERS @ BEMIDJI BENDERS
08/23/2025
 
TOP OF THE 1ST
Wisconsin Rapids Rangers batting - Pitching for Bemidji Benders : RHP Carl Henry
Pitching: RHP Carl Henry
Batting: RHB Troy Reed 0-0: Foul Ball, location: 2F
0-1: Ball
1-1: SINGLE (Line Drive, 9LM)
Batting: LHB Ramón Córdova 0-0: Called Strike
0-1: Ball
1-1: Ball
2-1: Foul Ball, location: 2F
2-2: Foul Ball, location: 2F
2-2: Ball
3-2: Foul Ball, location: 2F
3-2: Strikes out swinging
Batting: RHB Dick Slagboom 0-0: Foul Ball, location: 2F
0-1: Ball
1-1: Called Strike
1-2: Grounds into double play, 5-4-3 (Groundball, 56)
Top of the 1st over - 0 run(s), 1 hit(s), 0 error(s), 0 left on base; Wisconsin Rapids 0 - Bemidji 0
BOTTOM OF THE 1ST
Bemidji Benders batting - Pitching for Wisconsin Rapids Rangers : RHP Juan Contreras
Pitching: RHP Juan Contreras
Batting: RHB Nick Harris 0-0: Called Strike
0-1: Called Strike
0-2: Ball
1-2: Ball
2-2: Strikes out swinging
Batting: RHB Ken McDonald 0-0: Ball
1-0: Called Strike
1-1: Swinging Strike
1-2: Strikes out swinging
Batting: LHB Tony O'Bryan 0-0: Foul Ball, location: 2F
0-1: Foul Ball, location: 2F
0-2: Ball
1-2: Ball
2-2: Ground out 4-3 (Groundball, 4)
Bottom of the 1st over - 0 run(s), 0 hit(s), 0 error(s), 0 left on base; Wisconsin Rapids 0 - Bemidji 0
TOP OF THE 2ND
Wisconsin Rapids Rangers batting - Pitching for Bemidji Benders : RHP Carl Henry
Batting: SHB Ricardo Arévalo 0-0: Ball
1-0: Ball
2-0: Ball
3-0: Called Strike
3-1: Base on Balls
Batting: LHB George Smith 0-0: Ball
1-0: Fly out, F8 (Flyball, 8LD)
Batting: RHB Paul Richard 0-0: Fly out, F4 (Popup, 3D)
Batting: RHB Andrés Bustamante 0-0: Called Strike
0-1: Ball
1-1: Called Strike
1-2: Strikes out swinging
Top of the 2nd over - 0 run(s), 0 hit(s), 0 error(s), 1 left on base; Wisconsin Rapids 0 - Bemidji 0
BOTTOM OF THE 2ND
Bemidji Benders batting - Pitching for Wisconsin Rapids Rangers : RHP Juan Contreras
Batting: SHB Dave Henley 0-0: Ball
1-0: Called Strike
1-1: Foul Ball, location: 2F
1-2: Ball
2-2: Ball
3-2: DOUBLE (Line Drive, 9LM)
Batting: RHB Bob Carr 0-0: Ball
1-0: Ball
2-0: Called Strike
2-1: Foul Ball, location: 2F
2-2: Strikes out swinging
Batting: RHB Ramón Padilla 0-0: Ball
Dave Henley steals 3rd base
1-0: Ball
2-0: Ball
3-0: Called Strike
3-1: Swinging Strike
3-2: Foul Ball, location: 2F
3-2: Strikes out looking
Batting: RHB Aaron Washington 0-0: Foul Ball, location: 2F
0-1: Foul Ball, location: 2F
0-2: Ball
1-2: Ground out 4-3 (Groundball, 4)
Bottom of the 2nd over - 0 run(s), 1 hit(s), 0 error(s), 1 left on base; Wisconsin Rapids 0 - Bemidji 0
TOP OF THE 3RD
Wisconsin Rapids Rangers batting - Pitching for Bemidji Benders : RHP Carl Henry
Batting: SHB José González 0-0: SINGLE (Line Drive, 9LS)
Batting: RHB Juan García 0-0: Ball
1-0: Swinging Strike
1-1: Swinging Strike
1-2: Ball
2-2: Strikes out swinging
Batting: RHB Troy Reed 0-0: Ball
1-0: Called Strike
1-1: Ball
2-1: Foul Ball, location: 2F
2-2: Ball
3-2: Foul Ball, location: 2F
3-2: Strikes out looking
Batting: LHB Ramón Córdova 0-0: Swinging Strike
0-1: Ball
1-1: Foul Ball, location: 2F
1-2: Ball
José González steals 2nd base
2-2: Foul Ball, location: 2F
2-2: Ball
3-2: Base on Balls
Batting: RHB Dick Slagboom 0-0: Called Strike
0-1: Ball
1-1: Ball
2-1: Ball
3-1: Base on Balls
José González to third
Ramón Córdova to second
Batting: SHB Ricardo Arévalo 0-0: Swinging Strike
0-1: Ball
1-1: Called Strike
1-2: Ball
2-2: Ball
3-2: Fly out, F6 (Popup, 6MD)
Top of the 3rd over - 0 run(s), 1 hit(s), 0 error(s), 3 left on base; Wisconsin Rapids 0 - Bemidji 0
BOTTOM OF THE 3RD
Bemidji Benders batting - Pitching for Wisconsin Rapids Rangers : RHP Juan Contreras
Batting: LHB Todd Anderson 0-0: Bunt for hit - play at first, batter OUT! 1-3
Batting: RHB Roberto Solís 0-0: Ball
1-0: Ball
2-0: SINGLE (Groundball, 56)
Batting: RHB Nick Harris 0-0: Foul Ball, location: 2F
0-1: Ball
1-1: Foul Ball, location: 2F
1-2: Ball
2-2: Foul Ball, location: 2F
Balk!
Roberto Solís to second
2-2: Ground out 4-3 (Groundball, 13)
Roberto Solís to third
Batting: RHB Ken McDonald 0-0: Foul Ball, location: 2F
0-1: Foul Ball, location: 2F
0-2: Ball
Wild Pitch!
Roberto Solís scores
1-2: Foul Ball, location: 2F
1-2: Foul Ball, location: 2F
1-2: Ground out U3 (Groundball, 3)
Bottom of the 3rd over - 1 run(s), 1 hit(s), 0 error(s), 0 left on base; Wisconsin Rapids 0 - Bemidji 1
TOP OF THE 4TH
Wisconsin Rapids Rangers batting - Pitching for Bemidji Benders : RHP Carl Henry
Batting: LHB George Smith 0-0: Called Strike
0-1: Swinging Strike
0-2: Foul Ball, location: 2F
0-2: Ball
1-2: Strikes out swinging, 2-3 out at first.
Batting: RHB Paul Richard 0-0: Fly out, F7 (Line Drive, 7M)
Batting: RHB Andrés Bustamante 0-0: Ball
1-0: Swinging Strike
1-1: Ball
2-1: Called Strike
2-2: Ball
3-2: Foul Ball, location: 2F
3-2: Strikes out swinging
Top of the 4th over - 0 run(s), 0 hit(s), 0 error(s), 0 left on base; Wisconsin Rapids 0 - Bemidji 1
BOTTOM OF THE 4TH
Bemidji Benders batting - Pitching for Wisconsin Rapids Rangers : RHP Juan Contreras
Batting: LHB Tony O'Bryan 0-0: Ball
1-0: Called Strike
1-1: Swinging Strike
1-2: Foul Ball, location: 2F
1-2: Foul Ball, location: 2F
1-2: Foul Ball, location: 2F
1-2: Ball
2-2: Ball
3-2: Strikes out looking
Batting: SHB Dave Henley 0-0: Foul Ball, location: 2F
0-1: Ball
1-1: Ball
2-1: Called Strike
2-2: Fly out, F8 (Flyball, 8LD)
Batting: RHB Bob Carr 0-0: Swinging Strike
0-1: Swinging Strike
0-2: Ball
1-2: Foul Ball, location: 2F
1-2: Strikes out swinging
Bottom of the 4th over - 0 run(s), 0 hit(s), 0 error(s), 0 left on base; Wisconsin Rapids 0 - Bemidji 1
TOP OF THE 5TH
Wisconsin Rapids Rangers batting - Pitching for Bemidji Benders : RHP Carl Henry
Batting: SHB José González 0-0: Called Strike
0-1: Ball
1-1: Fly out, F8 (Line Drive, 89M)
Batting: RHB Juan García 0-0: Ground out 6-3 (Groundball, 6M)
Batting: RHB Troy Reed 0-0: Ground out 6-3 (Groundball, 6M)
Top of the 5th over - 0 run(s), 0 hit(s), 0 error(s), 0 left on base; Wisconsin Rapids 0 - Bemidji 1
BOTTOM OF THE 5TH
Bemidji Benders batting - Pitching for Wisconsin Rapids Rangers : RHP Juan Contreras
Batting: RHB Ramón Padilla 0-0: Ball
1-0: Ball
2-0: Ground out 5-3 (Groundball, 56)
Batting: RHB Aaron Washington 0-0: Ground out 6-3 (Groundball, 6M)
Batting: LHB Todd Anderson 0-0: Ball
1-0: Ball
2-0: Ball
3-0: Called Strike
3-1: Base on Balls
Pitching: LHP Ben Reyes
Batting: RHB Roberto Solís 0-0: Ball
1-0: Ball
2-0: Ball
3-0: Base on Balls
Todd Anderson to second
Batting: RHB Nick Harris 0-0: Foul Ball, location: 2F
0-1: Swinging Strike
0-2: Ball
1-2: SINGLE (Groundball, 6MD)
Todd Anderson to third
Roberto Solís to second
Runner from 3rd tries for Home, SAFE, no throw or cutoff
Batting: RHB Ken McDonald 0-0: Ball
1-0: Called Strike
1-1: Fly out, F9 (Flyball, 89M)
Bottom of the 5th over - 1 run(s), 1 hit(s), 0 error(s), 2 left on base; Wisconsin Rapids 0 - Bemidji 2
TOP OF THE 6TH
Wisconsin Rapids Rangers batting - Pitching for Bemidji Benders : RHP Carl Henry
Batting: LHB Ramón Córdova 0-0: Swinging Strike
0-1: Foul Ball, location: 2F
0-2: Foul Ball, location: 2F
0-2: Ball
1-2: Ball
2-2: Ball
3-2: Strikes out swinging
Batting: RHB Dick Slagboom 0-0: Ball
1-0: Swinging Strike
1-1: Ball
2-1: Foul Ball, location: 2F
2-2: Ball
3-2: Base on Balls
Pitching: LHP Justin Short
Batting: SHB Ricardo Arévalo 0-0: Swinging Strike
0-1: Foul Ball, location: 2F
0-2: Ball
1-2: Ball
2-2: Ball
3-2: Base on Balls
Dick Slagboom to second
Batting: LHB George Smith 0-0: Swinging Strike
0-1: Ball
1-1: Swinging Strike
1-2: Ball
2-2: Fly out, F2 (Popup, 2LF)
Batting: RHB Paul Richard 0-0: Called Strike
0-1: Foul Ball, location: 2F
0-2: Ball
1-2: Fly out, F9 (Flyball, 9D)
Top of the 6th over - 0 run(s), 0 hit(s), 0 error(s), 2 left on base; Wisconsin Rapids 0 - Bemidji 2
BOTTOM OF THE 6TH
Bemidji Benders batting - Pitching for Wisconsin Rapids Rangers : LHP Ben Reyes
Batting: LHB Tony O'Bryan 0-0: Called Strike
0-1: Ball
1-1: Ball
2-1: Foul Ball, location: 2F
2-2: Ball
3-2: Fly out, F9 (Flyball, 89M)
Batting: SHB Dave Henley 0-0: Swinging Strike
0-1: Fly out, F9 (Flyball, 9LM)
Batting: RHB Bob Carr 0-0: Ball
1-0: Ball
2-0: Foul Ball, location: 2F
2-1: SINGLE (Groundball, 56D)
Batting: RHB Ramón Padilla 0-0: Ball
1-0: Ball
2-0: Called Strike
2-1: Fly out, F8 (Flyball, 8LM)
Bottom of the 6th over - 0 run(s), 1 hit(s), 0 error(s), 1 left on base; Wisconsin Rapids 0 - Bemidji 2
TOP OF THE 7TH
Wisconsin Rapids Rangers batting - Pitching for Bemidji Benders : LHP Justin Short
Batting: RHB Andrés Bustamante 0-0: Called Strike
0-1: Fly out, F8 (Flyball, 8LM)
Batting: SHB José González 0-0: Ball
1-0: Swinging Strike
1-1: Swinging Strike
1-2: Strikes out looking
Batting: RHB Juan García 0-0: Ball
1-0: Ball
2-0: Ball
3-0: Base on Balls
Pinch Runner at 1st Jorge Longoria:
Batting: RHB Troy Reed 0-0: Ball
1-0: Foul Ball, location: 2F
1-1: Ball
2-1: Ball
Jorge Longoria steals 2nd base
3-1: Base on Balls
Batting: LHB Ramón Córdova 0-0: Foul Ball, location: 2F
0-1: Foul Ball, location: 2F
0-2: Strikes out looking
Top of the 7th over - 0 run(s), 0 hit(s), 0 error(s), 2 left on base; Wisconsin Rapids 0 - Bemidji 2
BOTTOM OF THE 7TH
Bemidji Benders batting - Pitching for Wisconsin Rapids Rangers : LHP Ben Reyes
Now in LF: Jorge Longoria
Batting: RHB Aaron Washington 0-0: Ball
1-0: Foul Ball, location: 2F
1-1: Ball
2-1: Ball
3-1: Fly out, F8 (Flyball, 8RM)
Batting: LHB Todd Anderson 0-0: Ground out U3 (Groundball, 3S)
Batting: RHB Roberto Solís 0-0: Ball
1-0: Foul Ball, location: 2F
1-1: Foul Ball, location: 2F
1-2: Foul Ball, location: 2F
1-2: Strikes out looking
Bottom of the 7th over - 0 run(s), 0 hit(s), 0 error(s), 0 left on base; Wisconsin Rapids 0 - Bemidji 2
TOP OF THE 8TH
Wisconsin Rapids Rangers batting - Pitching for Bemidji Benders : LHP Justin Short
Batting: RHB Dick Slagboom 0-0: Foul Ball, location: 2F
0-1: Ball
1-1: Called Strike
1-2: Fly out, F8 (Flyball, 8RM)
Pitching: RHP Tom Fisher
Batting: SHB Ricardo Arévalo 0-0: Called Strike
0-1: Foul Ball, location: 2F
0-2: Ball
1-2: Ball
2-2: Strikes out swinging
Batting: LHB George Smith 0-0: Swinging Strike
0-1: Swinging Strike
0-2: Ball
1-2: Ball
2-2: Strikes out swinging
Top of the 8th over - 0 run(s), 0 hit(s), 0 error(s), 0 left on base; Wisconsin Rapids 0 - Bemidji 2
BOTTOM OF THE 8TH
Bemidji Benders batting - Pitching for Wisconsin Rapids Rangers : LHP Ben Reyes
Pitching: LHP Luis Cota
Batting: RHB Nick Harris 0-0: Ball
1-0: Ball
2-0: Foul Ball, location: 2F
2-1: Swinging Strike
2-2: Foul Ball, location: 2F
2-2: Fly out, F9 (Flyball, 89S)
Batting: RHB Ken McDonald 0-0: Called Strike
0-1: Swinging Strike
0-2: Ground out 1-3 (Groundball, 23)
Batting: LHB Tony O'Bryan 0-0: Foul Ball, location: 2F
0-1: Ball
1-1: Ground out U3 (Groundball, 3L)
Bottom of the 8th over - 0 run(s), 0 hit(s), 0 error(s), 0 left on base; Wisconsin Rapids 0 - Bemidji 2
TOP OF THE 9TH
Wisconsin Rapids Rangers batting - Pitching for Bemidji Benders : RHP Tom Fisher
Pitching: RHP Sixto Santiago
Batting: RHB Paul Richard 0-0: Ball
1-0: Ball
2-0: Ball
3-0: Base on Balls
Batting: RHB Andrés Bustamante 0-0: Ball
1-0: Foul Ball, location: 2F
1-1: Ball
2-1: Swinging Strike
2-2: Foul Ball, location: 2F
2-2: Strikes out swinging
Pinch Hitting: RHB Pedro Ramírez 0-0: Ball
1-0: Ball
2-0: Foul Ball, location: 2F
2-1: Called Strike
2-2: Strikes out looking
Pinch Hitting: SHB Forest Cruz 0-0: Ball
1-0: Swinging Strike
1-1: Swinging Strike
1-2: Foul Ball, location: 2F
1-2: Strikes out looking
Top of the 9th over - 0 run(s), 0 hit(s), 0 error(s), 1 left on base; Wisconsin Rapids 0 - Bemidji 2
This league is powered by Out of the Park Baseball, the baseball management simulation game for PC, Mac and Linux
Tuesday, August 2nd, 2016 - OOTP Baseball 16.8 Build 38